 Dungeon Crawl Stone Soup version 0.30-b1-2-g02819fbbbe (webtiles) character file.

Game seed: 5930800967024164441

39 LLlMATKO the Trooper (level 3, -3/49 HPs)
             Began as a Minotaur Berserker on Sept 2, 2023.
             Was a Believer of Trog.
             Slain by Sigmund
             ... wielding a +0 scythe
              (5 damage)
             ... on level 2 of the Dungeon.
             The game lasted 00:01:06 (1176 turns).

LLlMATKO the Trooper (Minotaur Berserker)           Turns: 1176, Time: 00:01:07

Health: -3/49      AC:  2    Str: 23    XL:     3   Next: 28%
Magic:  2/2        EV: 12    Int:  4    God:    Trog [**....]
Gold:   62         SH:  3    Dex:  9    Spells: 2/2 levels left

rFire   . . .        a - +0 hand axe
rCold   . . .        l - +0 buckler
rNeg    . . .        b - +0 animal skin
rPois   .            (helmet restricted)
rElec   .            (no cloak)
rCorr   .            (no gloves)
SInv    .            (no boots)
Will    .....        (no amulet) Stlth
                     (no ring)
HPRegen 0.28/turn    (no ring)
MPRegen 0.08/turn

%: no passive effects
@: berserking, very quick
A: horns 2, retaliatory headbutt
a: Renounce Religion, Berserk, Trog's Hand


You were on level 2 of the Dungeon.
You worshipped Trog.
Trog was pleased with you.
You visited 1 branch of the dungeon, and saw 2 of its levels.

You collected 62 gold pieces.

Inventory:

Hand Weapons
 a - a +0 hand axe (weapon)
Missiles
 k - 2 poisoned darts (quivered)
Armour
 b - a +0 animal skin (worn)
 l - a +0 buckler (worn)
Jewellery
 h - a ring of fire
Scrolls
 d - a scroll of torment {unknown}
 e - a scroll of enchant armour {unknown}
 f - 2 scrolls of identify {unknown}
 g - a scroll of vulnerability {unknown}
 m - 3 scrolls of brand weapon {unknown}
Potions
 c - a potion of attraction {unknown}
 i - a potion of lignification {unknown}
 j - a potion of might {unknown}
 n - 2 potions of mutation {unknown}
 o - a potion of curing {unknown}


   Skills:
 + Level 4.1 Fighting
 + Level 4.1 Axes
 + Level 3.1 Armour
 + Level 2.7 Dodging
 + Level 0.1 Shields


You had 2 spell levels left.
You didn't know any spells.
Your spell library was empty.

Dungeon Overview and Level Annotations

Branches:
Dungeon (2/15)

Altars:

Shops:
D:1 *

Annotations:
D:2 Sigmund


Innate Abilities, Weirdness & Mutations

You have a pair of horns on your head.
You reflexively headbutt those who attack you in melee.


Message History

Sigmund hits you from afar with a +0 scythe.
The jackal barely misses you.
You closely miss the jackal. Your headbutt misses the jackal.
The jackal barely misses you. Sigmund barely misses you.
You closely miss the jackal. The jackal completely misses you.
The jackal closely misses you. You furiously retaliate!
You headbutt the jackal.
You kill the jackal!
Trog accepts your kill.
Sigmund mumbles some strange words.
Sigmund flickers and vanishes!
Deactivating autopickup; reactivate with Ctrl-A.
You closely miss something. Your headbutt misses something.
You hear some strange, mumbled words.
A puff of flame appears from out of thin air!
The puff of flame hits you!
You are too injured to fight recklessly!
You are too injured to fight recklessly!
You are too injured to fight recklessly!
You are too injured to fight recklessly!
A red film seems to cover your vision as you go berserk!
You feel yourself moving faster!
You feel mighty! Something hits you!
You miss something.
You hear some strange, mumbled words.
A magic dart appears from out of thin air!
The magic dart hits you!
* * * LOW HITPOINT WARNING * * *
You closely miss something. Your headbutt misses something.
You closely miss something. Your headbutt misses something.
You hear some strange, mumbled words.
Something tries to affect you, but you resist.
You miss something.
You hear some strange, mumbled words.
A puff of flame appears from out of thin air!
The puff of flame misses you.
You slash something! You headbutt something! Something hits you!
* * * LOW HITPOINT WARNING * * *
You miss something. You closely miss something. Something hits you.
You die...

#...# . # .#...#.#
#.. ..#.. #.# #..#
#.# ######.### #.#
###........#####.###
.†.............hh...
###........#####{###
###........#####@#
..(######....)##†#
...# #........# ...#
###......#### ...#
#...........# ####
#...##......#
#...##......#
#...##......#
#...##......#


You could see 2 jackals.

Vanquished Creatures
  A dart slug (D:1)
  7 bats
  An endoplasm (D:1)
  3 giant cockroaches (D:1)
  2 goblins
  2 hobgoblins (D:1)
  6 jackals
  2 quokkas (D:1)
  2 ball pythons
  2 frilled lizards (D:1)
  2 kobolds (D:1)
  2 rats (D:1)
32 creatures vanquished.

Notes
Turn   | Place    | Note
-------+----------+-------------------------------------------
     0 | D:1      | LLlMATKO the Minotaur Berserker began the quest for the
                  | Orb.
     0 | D:1      | Reached XP level 1. HP: 19/19 MP: 0/0
   131 | D:1      | Found a faded altar of an unknown god.
   270 | D:1      | Reached XP level 2. HP: 19/27 MP: 1/1
   602 | D:1      | Found Houxaq's Assorted Antiques.
   649 | D:1      | Reached XP level 3. HP: 33/33 MP: 2/2
   653 | D:1      | Reached ** piety under Trog
  1157 | D:2      | Noticed Sigmund
  1174 | D:2      | HP: 2/49 [something (12)]
  1176 | D:2      | Slain by Sigmund

Illustrated notes

Levels and vault maps discovered:
D:1:      mrwooster_arrival_statue_2, layout_basic,
          chequers_ecumenical_altar_island, serial_shops,
          nicolae_shop_advertising_works [nicolae_subvault_shop_adworks],
          minmay_tetromino_o2
D:2:      layout_basic, hex_tiny, nicolae_elevator_lobby_asterisk, uniq_sigmund

Skill      XL: |  1  2 |
---------------+-------+-----
Fighting       | 4 |  4.1
Axes           | 4 |  4.1
Armour         | 3 |  3.1
Dodging        | |  2.7
Shields        | |  0.1

Action                     || total
---------------------------++-------
  Melee: Hand axe          ||    67
         Headbutt          ||     5
 Invoke: Berserk           ||     2
 Armour: Animal skin       ||    12
  Dodge: Dodged            ||    59
  Block: Buckler           ||     6
